Unix NetHack Version 5.0.0-0 post-release - last build May 10 2026 23:12:36 (d1fa5d53e341ca933230fdaa984d921c805b60aa,branch:main).

Game began 2026-05-15 09:05:46, ended 2026-05-15 09:09:37.

GdeVolpiano, lawful female human Archeologist

      -----------                                                  -----
      |.....)[..|                                   ----------     |.!!|
      |.......>..                                   |........|    #-.[[|
      |........[|            -----------            |........|    #|.!%|
      |.........-############-.........|           #.........|    #|.%[|
      |.........|       ### #|.........-#          #|.....{..|    #-----
      --------.--       #   #|...|.....|#          #|.>......|    ###
             ##         #   #|......<..|#####      #----|---.-      ##
             #          #   #---------.-    #      #       ##        #
             #       ####   ##0       ###################  #         #
             #      ##        ###########   #-----##    ########     #
          ---.----- #                   ##@##|...|#     ---.---.-----#
          |.......| #                       #....|#     |...........|#
          |.......| #                        |....#     |............#
          |.......| #                        -----######............|
          |.......-##            ##################     |...........|
          ---------                                     -------------

GdeVolpiano the Digger     St:16 Dx:7 Co:9 In:18 Wi:16 Ch:9  Lawful
Dlvl:2  $:32 HP:0(17) Pw:11(11) AC:9  Xp:2 T:644 

Latest messages:
 Whoops...
 There are several objects here.
 A little dart shoots out at you!
 You are hit by a little dart.
 The dart was poisoned!
 You feel very sick!
 t - a tripe ration.
 u - a tin.
 v - a tin.
 w - a key.
 x - 2 red gems.
 What do you want to use or apply? [ae-how or ?*]
 What do you want to rub on the stone? [$x or ?*]
 x - 2 worthless pieces of red glass.
 What do you want to drop? [$a-hj-mo-x or ?*]
 You drop 2 worthless pieces of red glass.
 What do you want to drop? [$a-hj-mo-w or ?*]
 You drop a +0 iron skull cap.
 #
 What do you want to adjust? [a-hj-moq-w or ?*]
 Adjust letter to what [inpw-zA-Z] (? see used letters)?
 Swapping: k - a key.
 You descend the stairs.
 You climb up the stairs.
 $ - 5 gold pieces (32 in total).
 The door resists!
 The door resists!
 The door resists!
 The door opens.
 You hear someone cursing shoplifters.
 You feel strong!
 You must have been exercising diligently.
 Where do you want to travel to?
 (For instructions type a '?')
 The door opens.
 You hear a gurgling noise.
 Where do you want to travel to?
 (For instructions type a '?')
 You miss the acid blob.
 a - a blessed +2 bullwhip (weapon in right hand).
 e - a +0 pick-axe (alternate weapon; not wielded).
 You miss the acid blob.
 You lash the acid blob!
 You are splashed by the acid blob's acid!
 You kill the acid blob!
 You see here an acid blob corpse.
 There is an acid blob corpse here; eat it? [ynq] (n)
 You have a very bad case of stomach acid.
 You die...
 Do you want your possessions identified? [ynq] (y)

Inventory:
 Coins    ('$')
  $ - 32 gold pieces
 Weapons  (')')
  a - a blessed +2 bullwhip (weapon in right hand)
 Armor    ('[')
  c - an uncursed +0 fedora (being worn)
  b - an uncursed +0 leather jacket (being worn)
 Comestibles  ('%')
  q - an uncursed cram ration
  d - 4 uncursed food rations
  l - a cursed orange
  t - a cursed tripe ration
  u - a cursed homemade tin of lichen
  v - a cursed homemade tin of lichen
  m - 2 uncursed eggs
  r - an uncursed lichen corpse
 Scrolls  ('?')
  w - an uncursed scroll of identify
  j - a cursed scroll of light
 Spellbooks  ('+')
  o - an uncursed spellbook of levitation
 Tools    ('(')
  h - an empty uncursed sack
  e - a +0 pick-axe (alternate weapon; not wielded)
  k - a cursed skeleton key
  f - a tinning kit (0:80)
 Gems/Stones  ('*')
  s - an uncursed jade stone
  g - an uncursed touchstone

GdeVolpiano the Archeologist's attributes:

Background:
 You were a Digger, a level 2 female human Archeologist.
 You were lawful, on a mission for Quetzalcoatl
 who was opposed by Camaxtli (neutral) and Huhetotl (chaotic).
 You were right-handed.
 You were in the Dungeons of Doom, on level 2.
 You entered the dungeon 644 turns ago.
 You had 26 experience points, 14 more were needed to attain level 3.

Basics:
 You had 0 out of 17 hit points.
 You had all 11 energy points (spell power).
 Your armor class was 9.
 Your wallet contained 32 zorkmids.
 Autopickup was on for '$?!/="+' plus thrown, with exceptions.

Final Characteristics:
 Your strength was 16 (limit:18/100).
 Your dexterity was 7 (limit:18).
 Your constitution was 9 (peak:10, limit:18).
 Your intelligence was 18 (limit:18).
 Your wisdom was 16 (limit:18).
 Your charisma was 9 (limit:18).

Final Status:
 You weren't hungry.
 You were unencumbered.
 You were wielding a whip.
 You had basic skill with whip.

Final Attributes:
 You were fervently aligned.
 You had automatic searching.
 You are dead.

Miscellaneous:
 You didn't encounter any bones levels.
 Total elapsed playing time was 3 minutes and 50 seconds.

Major events:
 Turn
    1: GdeVolpiano the lawful female human Archeologist entered the dungeon
  569: entered the Gnomish Mines
  644: killed by an acidic corpse

You didn't know any spells.

Skills:
 Fighting Skills
   bare handed combat [Unskilled]
   two weapon combat  [Unskilled]
   riding             [Unskilled]
 Weapon Skills
   dagger             [Unskilled]
   knife              [Unskilled]
   pick-axe           [Basic]
   short sword        [Unskilled]
   saber              [Unskilled]
   club               [Unskilled]
   quarterstaff       [Unskilled]
   sling              [Unskilled]
   dart               [Unskilled]
   boomerang          [Unskilled]
   whip               [Basic]
   unicorn horn       [Unskilled]
 Spellcasting Skills
   attack spells      [Unskilled]
   healing spells     [Unskilled]
   divination spells  [Unskilled]
   matter spells      [Unskilled]

Voluntary challenges:
 Character rerolling was not enabled.
 You were an atheist.
 You never genocided any monsters.
 You never polymorphed an object.
 You never changed form.
 You used no wishes.
Achievements:
 You entered a shop.
 You entered the Gnomish Mines.

 The Dungeons of Doom: levels 1 to 3
    Level 1:
       A fountain.
    Level 2: <- You were here.
       A general store, a sink, a grave.
       Stairs down to The Gnomish Mines.
       Final resting place for
          you, killed by an acidic corpse.
    Level 3:
 The Gnomish Mines:
    Level 3:


Vanquished creatures:
 an acid blob
  4 jackals
  3 goblins
  a lichen
  2 kobold zombies
11 creatures vanquished.

No species were genocided or became extinct.

Game over:
                       ----------
                      /          \
                     /    REST    \
                    /      IN      \
                   /     PEACE      \
                  /                  \
                  |   GdeVolpiano    |
                  |      32 Au       |
                  |   killed by an   |
                  |  acidic corpse   |
                  |                  |
                  |                  |
                  |       2026       |
                 *|     *  *  *      | *
        _________)/\\_//(\/(/\)/\//\/|_)_______

Goodbye GdeVolpiano the Archeologist...

You died in The Dungeons of Doom on dungeon level 2 with 233 points,
and 32 pieces of gold, after 644 moves.
You were level 2 with a maximum of 17 hit points when you died.

